[Event "Budapest GM ONE WEEK Feb 2024"]
[Site "Budapest"]
[Date "2024.02.28"]
[Round "4.5"]
[White "Pribelszky, Bence"]
[Black "Bodi, Tibor"]
[Result "1-0"]
[ECO "A04"]
[WhiteElo "2371"]
[BlackElo "2294"]
[Annotator "TA"]
[PlyCount "133"]
[EventDate "2024.02.25"]
[EventType "tourn"]
[EventCountry "HUN"]
[SourceTitle "playchess.com"]
[Source "ChessBase"]
[SourceQuality "1"]
[TimeControl "5400+30"]

1. Nf3 f5 2. d4 Nf6 3. e3 g6 4. Bd3 Bg7 5. O-O O-O 6. Nbd2 d5 7. c4 e6 8. b4 {[%emt 0:03:38] White is slightly better.} Nbd7 9. a4 Re8 10. Qb3 c6 11. Bb2 Ne4 12. Rad1 h6 13. Be2 Kh7 14. Ne5 a5 15. b5 (15. Nxe4 $16 Nxe5 16. Nf6+ (16. dxe5 fxe4 17. bxa5 Qxa5 $14) 16... Bxf6 17. dxe5) 15... Nxe5 $14 16. dxe5 Bd7 (16... cxb5 $1 $14 17. axb5 (17. Nxe4 bxc4 18. Bxc4 fxe4 $11) 17... a4) 17. Bd4 Qc7 18. b6 Nxd2 19. Rxd2 Qd8 20. f4 Qe7 21. c5 Rg8 22. g3 g5 23. Kf2 {[%emt 0:00:17][%cal Bg1f2,Bf2e1,Be1d2][%mdl 32] White is much more active.} Be8 24. Qd1 Bf8 25. Rc2 Qg7 26. Ke1 Be7 27. Kd2 g4 28. Rh1 h5 (28... Bh5 $14) 29. h3 $16 Kg6 $2 (29... h4 $16 {might work better.} 30. hxg4 fxg4 31. gxh4 Bg6 32. Bxg4 Bxc2 33. Qxc2+ Kh8) 30. hxg4 $18 hxg4 31. Bd3 Rh8 32. Qxg4+ Kf7 33. Qxg7+ Kxg7 {[%emt 0:00:06] [#]} 34. Rxh8 Kxh8 35. Ke1 Kg7 36. Rh2 {[%emt 0:00:19][%cal Og3g4] Wards off Bh5. And now g4! would win.} Bg6 37. Be2 Bh7 38. g4 Bg6 39. Kf2 Kf7 40. Bd3 fxg4 41. Bxg6+ Kxg6 $16 {[%emt 0:00:05][%mdl 4096] Endgame. KRB-KRB} 42. Kg3 Rb8 43. Kxg4 Rg8 44. Kf3 {[%emt 0:00:18] aiming for e4.} Rd8 45. Rg2+ Kf7 {[%emt 0:00:15] [#]} 46. f5 $1 {[%emt 0:00:58][%mdl 512] Hoping for Rh2.} exf5 47. Kf4 Ke6 (47... Rg8 $16 48. e6+ Kf8) 48. Rg6+ $18 Kf7 49. Kxf5 {[%emt 0:01:07] Intending e6+ and mate.} Rf8 50. Rg2 $2 (50. e4 $18 {and White stays clearly on top. exd5 would now be deadly.} dxe4 51. e6+ Ke8+ 52. Kxe4) 50... Bd8 $2 (50... Ke8+ $16 {is a better chance.} 51. Ke6 Rh8) 51. e6+ Ke8+ 52. Ke5 {[%emt 0:00:27] Black must now prevent Kd6.} Be7 53. Rg6 Rh8 54. Kf5 Rf8+ {[%emt 0:00:15] [#]} 55. Kg4 $1 Kd8 56. Rg7 Rf1 57. Rh7 Rg1+ 58. Kf3 {[%emt 0:00:22] Rh8+ is the strong threat.} Rg8 59. Be5 {[%emt 0:00:47] Bc7+ would kill now.} Re8 60. Bd6 Rf8+ 61. Rf7 {[%emt 0:00:30] White mates.} Re8 62. Kf4 Bxd6+ 63. cxd6 Rxe6 64. Rxb7 Rxd6 65. Rb8+ Kd7 66. Ra8 Rf6+ 67. Kg5 {[%emt 0:00:17] Weighted Error Value: White=0.23 (precise) /Black=0.43.  Loses game:     	---       	Black=1      Mistake:       	White=1     	Black=3      Inaccurate:     	White=3     	Black=4      OK:         	White=24    	Black=12     Best:        	White=5     	Black=6      Strong:       	White=1     	---} 1-0

[Event "Budapest GM ONE WEEK Feb 2024"]
[Site "Budapest"]
[Date "2024.02.28"]
[Round "5.1"]
[White "Bodi, Tibor"]
[Black "Grover, Sahaj"]
[Result "0-1"]
[ECO "A45"]
[WhiteElo "2294"]
[BlackElo "2503"]
[Annotator "TA"]
[PlyCount "86"]
[EventDate "2024.02.25"]
[EventType "tourn"]
[EventCountry "HUN"]
[SourceTitle "playchess.com"]
[Source "ChessBase"]
[SourceQuality "1"]
[TimeControl "5400+30"]

1. d4 Nf6 2. Bf4 g6 3. Nc3 d5 4. e3 Bg7 5. Nb5 Na6 6. Nf3 O-O 7. h3 c6 8. Nc3 {[%emt 0:00:30] The position is equal.} Nc7 9. Be5 b6 10. Bd3 c5 11. a4 Ne6 12. O-O Bb7 13. Nd2 (13. a5 {is more complex.} Ne4 14. Bxg7 Nxc3 15. Qe1) 13... Bh6 14. Nf3 Rc8 15. Be2 Ne4 16. Ra3 f6 17. Bh2 cxd4 18. Nxe4 dxe4 19. Nxd4 Nxd4 20. exd4 Qd5 21. c4 Rxc4 (21... Qa5 $11) 22. Bxc4 $14 Qxc4 23. Qb3 (23. Rc3 $14 Qb4 24. Qe1) 23... Rc8 (23... Qxb3 $11 24. Rxb3 Ba6) 24. a5 (24. Qxc4+ $5 Rxc4 25. Rc3 Rxd4 26. Rc7 $11) 24... Qxb3 25. Rxb3 Rc2 26. axb6 axb6 27. Rxb6 Bd5 28. Rb5 e3 $1 {[%emt 0:00:49][%cal Be4e3,Be3e2][%mdl 32] [#] ( -> ...exf2+)} 29. Bg3 (29. Rxd5 $2 {too greedy.} exf2+ 30. Kh1 Rc1 31. Rd8+ Kg7 $19) 29... Bc4 {[%emt 0:03:00] This pair of bishops is nice.} 30. Rc5 {[%emt 0:03:12] Re1 would now be deadly.} e2 $1 31. Re1 {[%emt 0:01:28] aiming for f4.} Bd2 32. Rxc4 Rxc4 33. Rxe2 $11 {[%emt 0:00:03][%mdl 4096] Endgame. KRB-KRB} Bb4 34. d5 Rd4 35. Re6 Rxd5 36. Bf4 g5 37. Re4 Rb5 38. Be3 (38. Bc1 $1 $11) 38... Bd6 $15 39. Bd4 $2 {[%emt 0:00:47][%mdl 8192] [#] White does not recover from this.} (39. h4 $15) 39... Rb4 $1 $19 40. g4 (40. Kf1 $142) 40... e5 {[%emt 0:00:29] Black is clearly winning.} 41. Bxe5 fxe5 42. Rxb4 Bxb4 43. Kg2 e4 {[%emt 0:00:18] Weighted Error Value: White=0.54/Black=0.10 (very precise) .  Loses game:     	White=1     	---        Mistake:       	White=3     	Black=2      Inaccurate:     	White=2     	Black=1      OK:         	White=12    	Black=8      Best:        	---       	Black=1      Strong:       	---       	Black=3} 0-1

[Event "Budapest GM ONE WEEK Feb 2024"]
[Site "Budapest"]
[Date "2024.02.28"]
[Round "5.2"]
[White "Pap, Misa"]
[Black "Pribelszky, Bence"]
[Result "1-0"]
[ECO "B48"]
[WhiteElo "2422"]
[BlackElo "2371"]
[Annotator "TA"]
[PlyCount "81"]
[EventDate "2024.02.25"]
[EventType "tourn"]
[EventCountry "HUN"]
[SourceTitle "playchess.com"]
[Source "ChessBase"]
[SourceQuality "1"]
[TimeControl "5400+30"]

1. e4 c5 2. Nf3 e6 3. d4 cxd4 4. Nxd4 Nc6 5. Nc3 Qc7 6. Be3 a6 7. Qf3 Bd6 {[%emt 0:00:20] Against Qg3} 8. O-O-O Be5 $1 9. Nxc6 {[%emt 0:00:49] White is slightly better.} bxc6 10. Bd4 Nf6 11. Bxe5 Qxe5 12. Qe3 Ng4 13. Qe1 Nf6 14. f3 O-O 15. Bd3 Qg5+ 16. Kb1 d5 17. g4 Nd7 18. exd5 cxd5 19. Qg3 Rb8 20. Rhe1 (20. f4 $5 Qe7 21. Be2 $17) 20... Rb4 (20... Qd8 $11) 21. a3 $14 Rb8 {[%emt 0:05:12] [#]} (21... Rb6 $1 $11) 22. f4 $1 $16 Qd8 23. Qh3 (23. f5 $16) 23... h6 {[%emt 0:10:54] [#]} (23... g6 $1 $11 {remains equal.}) 24. g5 $1 Nc5 25. gxh6 g6 26. Qe3 Qb6 (26... Nxd3 $16 27. Rxd3 Qf6) 27. b4 {[%emt 0:00:51] Active counter play!} (27. b3 $18 {Qd4 would now be deadly.} Nxd3 28. Qxd3) 27... Nxd3 $14 28. Qxd3 $40 {[%emt 0:02:46][%cal Of4f5][%mdl 128] Hoping for f5! White has strong attack.} (28. cxd3 $2 {perishes.} Qxe3 29. Rxe3 d4 $19) 28... a5 29. Na4 Qc6 {[%emt 0:00:52] [#] Black is weak on the dark squares} ({Black should play} 29... Qa7 $14) 30. Qd4 $1 $16 f6 31. Nc5 axb4 32. axb4 Kh7 33. Re3 (33. c3 $16) 33... Bd7 (33... Rf7 $1 $14) 34. Ra3 ({White should try} 34. c3 $18) 34... Qc7 $2 (34... e5 $1 $11 {and Black has nothing to worry.} 35. fxe5 fxe5 36. Qxe5 Rxb4+ 37. Kc1 Rf7 38. Rxd5 (38. Qxd5 Qxd5 39. Rxd5 Rf1+ 40. Rd1 Rb1+ 41. Kxb1 Rxd1+ 42. Kb2 Bf5 $11) 38... Bf5) 35. Na6 $1 $18 {[%emt 0:00:49][%csl LRb8,LRc7] White is clearly winning.} Qd6 36. Nxb8 Rxb8 37. c3 e5 38. fxe5 Bf5+ 39. Ka1 fxe5 40. Ra7+ Kh8 41. Qxd5 {[%emt 0:00:22] Weighted Error Value: White=0.29 (precise) /Black=0.46.  Loses game:     	---       	Black=1      Mistake:       	White=4     	Black=6      Inaccurate:     	White=3     	Black=2      OK:         	White=9     	Black=8      Best:        	White=3     	Black=4      Strong:       	White=1     	Black=1      Brilliant:      	White=1     	---} 1-0

[Event "Budapest GM ONE WEEK Feb 2024"]
[Site "Budapest"]
[Date "2024.02.28"]
[Round "5.3"]
[White "Vetoshko, Volodymyr"]
[Black "Tomic, Aleksandar"]
[Result "0-1"]
[ECO "A13"]
[WhiteElo "2505"]
[BlackElo "2398"]
[Annotator "TA"]
[PlyCount "88"]
[EventDate "2024.02.25"]
[EventType "tourn"]
[EventCountry "HUN"]
[SourceTitle "playchess.com"]
[Source "ChessBase"]
[SourceQuality "1"]
[TimeControl "5400+30"]

1. c4 e6 2. Nc3 Bb4 3. Qb3 a5 4. a3 Bxc3 5. Qxc3 Nf6 6. g3 a4 7. Bg2 d6 8. d4 {[%emt 0:03:23] The position is equal.} O-O 9. e4 {[%emt 0:15:29] [#]} e5 $1 10. Ne2 (10. d5 Na6) 10... Re8 (10... exd4 {is interesting.} 11. Nxd4 Nxe4 12. Bxe4 Re8) 11. d5 Na6 12. f3 Nc5 13. Be3 Nb3 14. Rd1 c5 15. O-O Bd7 16. Nc1 Nd4 17. Rf2 b5 18. Bf1 Rb8 19. cxb5 Bxb5 20. Bxb5 Rxb5 21. Qc4 Qa5 22. Bxd4 (22. Na2 $15) 22... exd4 $17 ({Much worse is} 22... cxd4 $6 23. Nd3 $11) 23. Nd3 (23. b3 $17 {was worth a try.}) 23... Nd7 $19 24. Qc2 Rb3 25. Nc1 Re3 26. Nd3 Qb5 27. Kg2 Ne5 28. Nxe5 Rxe5 29. g4 Re8 30. Rdd2 Rb3 31. Qc1 d3 {[%emt 0:00:25] Black is more active.} 32. h4 c4 33. h5 (33. Qg1 $17) 33... h6 34. Qh1 f6 35. Qh2 Qc5 36. Qf4 Re5 {[%emt 0:00:43] Against Qf5} (36... c3 $19 37. bxc3 Rxc3) 37. Rd1 {[%emt 0:00:01] Now White is beyond hope.} (37. Kg3 $17) 37... Qd4 38. Qd2 Re8 {[%emt 0:00:56] [#] Strongly threatening ...Reb8.} 39. Qc1 Reb8 40. Rdd2 Kf7 41. Kg3 $2 (41. Kh3) 41... Qe5+ {[%emt 0:03:43] Black is clearly winning.} 42. Kg2 c3 43. Rxd3 cxb2 44. Qc7+ Qe7 {[%emt 0:00:16] Weighted Error Value: White=0.60/Black=0.14 (very precise) .  Loses game:     	White=1     	---        Mistake:       	White=4     	Black=1      Inaccurate:     	White=3     	Black=1      OK:         	White=7     	Black=17     Best:        	White=1     	Black=2} 0-1

[Event "Budapest GM ONE WEEK Feb 2024"]
[Site "Budapest"]
[Date "2024.02.28"]
[Round "5.4"]
[White "Paschall, William"]
[Black "Paszewski, Mateusz"]
[Result "1/2-1/2"]
[ECO "A06"]
[WhiteElo "2331"]
[BlackElo "2286"]
[Annotator "TA"]
[PlyCount "69"]
[EventDate "2024.02.25"]
[EventType "tourn"]
[EventCountry "HUN"]
[SourceTitle "playchess.com"]
[Source "ChessBase"]
[SourceQuality "1"]
[TimeControl "5400+30"]

1. Nf3 d5 2. d3 Nf6 3. g3 Bg4 4. Bg2 e6 5. O-O Be7 6. h3 Bh5 7. c4 c6 8. Qb3 {[%emt 0:07:25] The position is equal.} Qb6 9. Be3 Qxb3 10. axb3 a6 11. g4 Bg6 12. Nc3 Nbd7 13. Nd2 O-O 14. f4 h6 15. Nf3 Bd6 16. Rac1 Kh8 17. Nd2 Rfe8 18. d4 Kg8 19. c5 Bc7 20. b4 Bh7 21. Ra1 Kh8 22. Nb3 Ng8 23. Na5 Rab8 24. Bd2 Ne7 25. Ra3 f5 26. Nb3 (26. e3 $1 $15) 26... Rf8 27. Nc1 Rf7 28. Nd1 Rbf8 29. g5 {[%emt 0:02:02] [#]} (29. Nd3 $1 $15) 29... hxg5 $1 $17 30. fxg5 e5 31. dxe5 Nxe5 {[%emt 0:00:07] Black is clearly better.} 32. Bf4 N7g6 {[%emt 0:00:41] ...Nxf4 is the strong threat.} 33. Nd3 Nc4 {[%emt 0:05:23] [#] Hoping for ...Nxf4.} 34. Bxc7 Rxc7 (34... Nxa3 35. Bd6 Nc4 36. Bxf8 Rxf8 37. Bh1) 35. Ra2 {[%emt 0:00:46] Weighted Error Value: White=0.12 (very precise) /Black=0.07 (flawless) .  Mistake:       	White=2     	---        Inaccurate:     	White=1     	Black=3      OK:         	White=8     	Black=13     Best:        	---       	Black=1      Strong:       	---       	Black=1} 1/2-1/2

[Event "Budapest GM ONE WEEK Feb 2024"]
[Site "Budapest"]
[Date "2024.02.28"]
[Round "5.5"]
[White "Pasti, Aron"]
[Black "Gaal, Zsoka"]
[Result "1-0"]
[ECO "C50"]
[WhiteElo "2389"]
[BlackElo "2341"]
[Annotator "RC"]
[PlyCount "83"]
[EventDate "2024.02.25"]
[EventType "tourn"]
[EventCountry "HUN"]
[SourceTitle "playchess.com"]
[Source "ChessBase"]
[SourceQuality "1"]
[TimeControl "5400+30"]

1. e4 e5 2. Nf3 Nc6 3. Bc4 Nf6 4. d3 Bc5 5. c3 d6 6. O-O a6 7. a4 Ba7 8. Re1 h6 9. Nbd2 O-O 10. a5 Re8 11. Qb3 Qe7 12. Nf1 Rb8 13. Be3 Be6 14. Bxa7 Bxc4 15. dxc4 Nxa7 16. Ne3 Nc6 17. Nd5 Qd8 18. Qa3 Nd7 19. Nd2 Re6 20. Nb3 Ne7 21. Ne3 Ng6 22. Rad1 Qg5 23. c5 Nh4 24. Kh1 Rg6 25. cxd6 cxd6 26. Rxd6 Nf6 27. Nd2 Qf4 28. f3 Nh5 29. Rxg6 Nxg6 30. Qd6 Re8 31. Qd7 Re6 32. Qd8+ Kh7 33. Nd5 Qg5 34. Qxg5 hxg5 35. b4 Ne7 36. Nb3 Nf4 37. Nc5 Nexd5 38. Nxe6 Nxc3 39. Nxf4 gxf4 40. Rc1 Nb5 41. Rc5 f6 42. Rd5 1-0

[Event "Budapest GM ONE WEEK Feb 2024"]
[Site "Budapest"]
[Date "2024.02.29"]
[Round "6.1"]
[White "Grover, Sahaj"]
[Black "Gaal, Zsoka"]
[Result "0-1"]
[ECO "A05"]
[WhiteElo "2503"]
[BlackElo "2341"]
[Annotator "TA"]
[PlyCount "72"]
[EventDate "2024.02.25"]
[EventType "tourn"]
[EventCountry "HUN"]
[SourceTitle "playchess.com"]
[Source "ChessBase"]
[SourceQuality "1"]
[TimeControl "5400+30"]

1. Nf3 Nf6 2. b3 g6 3. Bb2 Bg7 4. g3 b6 5. Bg2 Bb7 6. O-O O-O 7. c4 c5 8. Nc3 d5 9. Nxd5 Nxd5 10. Bxg7 Kxg7 11. cxd5 Qxd5 12. d4 cxd4 13. Qxd4+ Qxd4 14. Nxd4 Bxg2 15. Kxg2 Rc8 16. Rac1 Nd7 17. Rfd1 Nc5 {[%emt 0:11:41] Wards off Ne6+} 18. b4 {[%emt 0:02:25] The position is equal.} Na4 19. Nb5 Rxc1 20. Rxc1 $11 {[%emt 0:00:07][%mdl 4096] Endgame. KRN-KRN} Rd8 21. Nxa7 Rd2 22. Kf3 Rxa2 23. Rc7 Rb2 24. Nc6 Rc2 25. b5 Rc5 26. Rxe7 Rxb5 27. e4 Nc5 28. Kg2 Kf8 29. f4 Rb2+ 30. Kh3 Rc2 {[%emt 0:02:47] Strongly threatening ...Nd3.} 31. Ra7 $1 Nxe4 32. Ne5 f6 33. Nf3 Nf2+ 34. Kh4 Rc5 35. g4 {[%emt 0:00:11] Prevents Rh5+} (35. Rxh7 $2 {too greedy.} Kg8 36. Rh6 Kg7 $19) 35... h5 36. Nd4 $2 {[%emt 0:00:31][%mdl 8192] [#]} (36. g5 $17 {is tougher.} Rc3 37. Ra8+ Ke7 38. gxf6+ Kxf6 39. Ng5) 36... Rc3 $1 {[%emt 0:01:13] Weighted Error Value: White=0.41/Black=0.02 (flawless) .  Loses game:     	White=1     	---        Inaccurate:     	White=1     	---        OK:         	White=9     	Black=14     Best:        	---       	Black=2      Strong:       	White=1     	Black=1} ({Inferior is} 36... Nxg4 37. Ne6+ Ke8 38. Nxc5 bxc5 39. Rg7 $18) 0-1

[Event "Budapest GM ONE WEEK Feb 2024"]
[Site "Budapest"]
[Date "2024.02.29"]
[Round "6.2"]
[White "Paszewski, Mateusz"]
[Black "Pasti, Aron"]
[Result "0-1"]
[ECO "D28"]
[WhiteElo "2286"]
[BlackElo "2389"]
[Annotator "RC"]
[PlyCount "76"]
[EventDate "2024.02.25"]
[EventType "tourn"]
[EventCountry "HUN"]
[SourceTitle "playchess.com"]
[Source "ChessBase"]
[SourceQuality "1"]
[TimeControl "5400+30"]

1. Nf3 d5 2. d4 Nf6 3. c4 dxc4 4. e3 e6 5. Bxc4 c5 6. O-O a6 7. Qe2 b5 8. Bb3 Nc6 9. dxc5 Ne4 10. Bc2 Nxc5 11. Nc3 Bd6 12. a3 Nd7 13. b3 Bb7 14. Bb2 Nf6 15. Rfd1 Qe7 16. Ne4 Nxe4 17. Bxe4 e5 18. Rac1 Na5 19. Bxb7 Nxb7 20. Rc6 O-O 21. a4 bxa4 22. bxa4 a5 23. Rb6 e4 24. Qb5 exf3 25. Rxb7 Bxh2+ 26. Kf1 fxg2+ 27. Kxg2 Qe4+ 28. Kf1 h6 29. Rdd7 Rac8 30. Qh5 Qh1+ 31. Ke2 Rc2+ 32. Kd3 Qb1 33. Bxg7 Rb2+ 34. Kd4 Rxb7 35. Rxb7 Rd8+ 36. Kc3 Qxb7 37. Qxh6 Qb4+ 38. Kc2 Qxa4+ 0-1

[Event "Budapest GM ONE WEEK Feb 2024"]
[Site "Budapest"]
[Date "2024.02.29"]
[Round "6.3"]
[White "Tomic, Aleksandar"]
[Black "Paschall, William"]
[Result "1-0"]
[ECO "E16"]
[WhiteElo "2398"]
[BlackElo "2331"]
[Annotator "TA"]
[PlyCount "155"]
[EventDate "2024.02.25"]
[EventType "tourn"]
[EventCountry "HUN"]
[SourceTitle "playchess.com"]
[Source "ChessBase"]
[SourceQuality "1"]
[TimeControl "5400+30"]

1. d4 Nf6 2. c4 e6 3. Nf3 b6 4. g3 Bb7 5. Bg2 Bb4+ 6. Bd2 c5 7. Bxb4 cxb4 8. a3 Qc7 9. Nbd2 bxa3 10. Rxa3 {[%emt 0:02:11] White has an edge.} a5 11. O-O O-O 12. Qb1 d6 13. e4 e5 14. d5 Na6 15. Nh4 Rae8 16. Kh1 Qd8 17. Qd1 Bc8 18. Nb1 g5 19. Nf5 Bxf5 20. exf5 Kh8 21. Qc1 Rg8 22. Nc3 Nc5 23. Nb5 Rg7 24. Qc3 Na6 25. Raa1 h6 (25... g4 $11) 26. Rae1 Nc5 27. Re2 g4 28. b4 axb4 29. Qxb4 Rg5 30. Qb1 Kh7 ({Black should try} 30... h5 $11) 31. Ra2 $14 h5 32. Qc2 h4 {[%emt 0:03:09] Threatens to win with ...h3.} 33. Rfa1 $1 (33. gxh4 $6 Rh5 $15) 33... e4 34. Ra7 e3 (34... Kg7 $14) 35. Nd4 $16 {[%emt 0:03:20] White is more active.} (35. gxh4 $6 Rg7 $11) (35. Rxf7+ $6 Kg8 36. Rfa7 (36. gxh4 e2 $15) 36... e2 $11) (35. fxe3 $6 Rg7 $11) 35... exf2 $2 {[%emt 0:04:14][%mdl 8192] A mistake that costs the game.} (35... Rg7 $16 {is a better chance.}) 36. Ne6 $18 (36. Qxf2 hxg3 37. Qxg3 (37. Rxf7+ $2 {too greedy.} Kg8 $19) 37... Kg8 $11) (36. Rxf7+ Kg8 37. Ne6 hxg3 $14 (37... Nxe6 $2 38. fxe6 hxg3 39. Raa7 $18)) 36... Rxe6 37. fxe6+ Kh6 38. gxh4 Re5 39. Qxf2 ({Weaker is} 39. exf7 Re1+ 40. Bf1 Nfe4 $18) 39... fxe6 40. Qf4+ Kg6 41. Rf1 Rf5 42. Qc1 {[%emt 0:00:00] White wants to mate with Rxf5.} Nh5 43. Qe1 Rxf1+ 44. Bxf1 {[%emt 0:00:52][%cal Of1d3] White threatens Bd3+! and mate.} e5 {[%emt 0:00:15] [#]} 45. Bd3+ $1 Kf6 (45... Nxd3 46. Qe4+) 46. Be2 (46. Qf2+ $142 Nf4 47. h5) 46... Nf4 47. Bxg4 Qg8 (47... Qb8 $142) 48. Qg1 $2 (48. h3) 48... Qg6 $2 (48... b5 {is more resistant.} 49. Bd1 (49. cxb5 $2 {is a self mate.} Qxd5+) 49... Qxg1+ 50. Kxg1 bxc4) 49. Bf3 Qxg1+ 50. Kxg1 {[%emt 0:00:01][%mdl 4096] Endgame. KRB-KNN} e4 51. Bg4 Ncd3 52. Kf1 Ne5 53. Be2 Nf7 54. Rd7 Ng6 55. h5 Nge5 56. Rb7 Nh6 57. Rxb6 Nf5 58. Ra6 Kg5 59. Kf2 Kf4 {[%emt 0:00:27] [#]} 60. h6 $1 e3+ (60... Nxh6 61. Rxd6) 61. Kg2 {[%emt 0:00:23] Hoping for h7.} Nxh6 62. Rxd6 Nf5 63. Rf6 {[%emt 0:00:37] h4 is the strong threat.} Ke4 {[%emt 0:00:16] [#]} 64. Rxf5 $1 Kxf5 {[%emt 0:00:05] KB-KN} 65. h4 {[%emt 0:00:11][%cal Bh2h4,Bh4h5][%mdl 32] Intending c5 and mate.} Kf6 66. Kg3 {[%emt 0:00:19] White mates.} Kf5 67. h5 Kg5 68. c5 Nd7 69. c6 Nf6 70. c7 Ne4+ 71. Kf3 Nd6 72. Kxe3 Kf6 73. Kd4 Ke7 74. Bg4 Nb5+ 75. Ke5 Nxc7 76. d6+ Kd8 77. dxc7+ Kxc7 78. h6 {[%emt 0:00:00] Weighted Error Value: White=0.53/Black=0.56.  Loses game:     	---       	Black=1      Mistake:       	White=1     	Black=5      Inaccurate:     	White=4     	Black=3      OK:         	White=8     	Black=12     Best:        	White=1     	---        Strong:       	White=1     	---} 1-0

[Event "Budapest GM ONE WEEK Feb 2024"]
[Site "Budapest"]
[Date "2024.02.29"]
[Round "6.4"]
[White "Pribelszky, Bence"]
[Black "Vetoshko, Volodymyr"]
[Result "0-1"]
[ECO "B10"]
[WhiteElo "2371"]
[BlackElo "2505"]
[Annotator "TA"]
[PlyCount "100"]
[EventDate "2024.02.25"]
[EventType "tourn"]
[EventCountry "HUN"]
[SourceTitle "playchess.com"]
[Source "ChessBase"]
[SourceQuality "1"]
[TimeControl "5400+30"]

1. e4 c6 2. d3 d5 3. Qe2 dxe4 4. dxe4 e5 5. Nf3 Nf6 6. g3 Nbd7 7. Bg2 Be7 8. O-O {[%emt 0:00:09] The position is equal.} a5 9. Nh4 O-O 10. Nf5 Re8 11. Nd2 b5 12. Rd1 Bf8 13. a4 Ba6 14. Qf3 Qc7 15. Nb3 bxa4 $1 16. Rxa4 Bb5 17. Ra1 a4 18. Nd2 Nc5 19. Nb1 Ncxe4 20. Nc3 Nxc3 {[%emt 0:03:03] Black continues to play with concentration.} 21. Qxc3 Be2 $36 {[%emt 0:07:21][%mdl 2048] Keeping White busy.} 22. Re1 {[%emt 0:00:52] [#]} Bg4 23. Ne3 {[%emt 0:00:38][%cal Oe3g4] aiming for Nxg4!} Bd7 24. Nc4 Nd5 25. Bxd5 (25. Qd2 $17) 25... cxd5 $19 26. Nxe5 Qxc3 27. bxc3 f6 28. Nd3 Rxe1+ 29. Nxe1 a3 30. Nd3 a2 31. Nb4 Bxb4 32. cxb4 {[%emt 0:00:01][%mdl 4096] Endgame. KRB-KRB} Bb5 33. Be3 Bc4 34. Bd4 Rb8 35. Bc3 Re8 36. Bd4 Re4 37. Bb2 Re2 38. Rc1 Kf7 39. Ba1 Ke6 40. Kg2 Kd7 41. Kf3 Kc6 42. g4 $2 (42. h3) 42... Kb5 43. Bc3 $2 (43. Kg3) 43... Re8 44. g5 fxg5 45. Bxg7 Kxb4 46. Kg4 Re2 47. Kxg5 Rxf2 {[%emt 0:00:15] Hoping for ...Rg2+.} 48. Be5 Re2 49. Kf6 {[%emt 0:01:14] [#]} Rxe5 $1 50. Kxe5 Kc3 {[%emt 0:00:06] Weighted Error Value: White=0.56/Black=0.22 (precise) .  Mistake:       	White=3     	---        Inaccurate:     	White=8     	Black=3      OK:         	White=12    	Black=25     Strong:       	---       	Black=1      Brilliant:      	---       	Black=1} 0-1

[Event "Budapest GM ONE WEEK Feb 2024"]
[Site "Budapest"]
[Date "2024.02.29"]
[Round "6.5"]
[White "Bodi, Tibor"]
[Black "Pap, Misa"]
[Result "0-1"]
[ECO "A45"]
[WhiteElo "2294"]
[BlackElo "2422"]
[Annotator "TA"]
[PlyCount "86"]
[EventDate "2024.02.25"]
[EventType "tourn"]
[EventCountry "HUN"]
[SourceTitle "playchess.com"]
[Source "ChessBase"]
[SourceQuality "1"]
[TimeControl "5400+30"]

1. d4 Nf6 2. Bf4 d6 3. Nc3 Nbd7 4. e4 e5 5. Bg3 c6 6. Nf3 Nh5 7. Bc4 Nxg3 8. hxg3 {[%emt 0:00:23] The position is equal.} Be7 9. dxe5 dxe5 10. Qe2 b5 11. Bb3 Qc7 12. a4 bxa4 13. Nxa4 O-O 14. Nd2 Nf6 15. f3 (15. O-O $11) 15... h6 (15... Nd7 $15) 16. O-O-O Rb8 17. g4 ({Better is} 17. Kb1 $15) 17... Nh7 $17 18. Kb1 Rb4 19. c3 $1 Rb8 (19... Rb5 $17) 20. Kc2 $15 Ng5 21. Ra1 Ne6 22. Bc4 Rd8 23. Rhd1 {[%emt 0:00:44] White is weak on the dark squares} Nf4 24. Qf1 Bd7 25. g3 Ne6 26. b3 Bg5 27. Qf2 Rb5 28. Nb2 a5 29. Nf1 Rdb8 30. Na4 Be8 31. Qe2 (31. Ne3 $5) 31... Qa7 32. Nb2 (32. Ra2 $11) 32... Qb6 ({Black should try} 32... Qb7 $1 $15 33. Bxb5 cxb5) 33. Bxb5 $2 (33. Nd2 $11) 33... cxb5 $19 34. Rd5 $2 (34. Kb1 $17) 34... Rc8 {[%emt 0:00:19] Black is clearly winning.} 35. Kb1 Rxc3 {[%emt 0:00:16] [#] aiming for ...Nd4.} 36. Ka2 Nd4 37. Qe1 Rxf3 {[%emt 0:00:34] ...a4 is the strong threat.} 38. Rxe5 Bd7 39. Rd5 Nc2 40. Qd1 Nb4+ ({Less strong is} 40... Bxg4 41. Qxc2 a4 42. Nd3 $17) 41. Kb1 Bxg4 {[%emt 0:01:12] This pair of bishops is nice.} 42. Nh2 Nxd5 43. Qxd5 Qg1+ {[%emt 0:00:22] Weighted Error Value: White=0.95/Black=0.11 (very precise) .  Loses game:     	White=2     	---        Mistake:       	White=3     	Black=3      Inaccurate:     	White=4     	Black=2      OK:         	White=11    	Black=10     Best:        	White=1     	Black=2      Strong:       	White=1     	---} 0-1